AoeStats
← Long John Silver

African Clearing

505936720Analyzed
4v4 RM · 22d ago on Sep 11, 2026· 17m 27s· 8 players
Game mode
Random Map
Map size
Large (8 player)
Population
200
Speed
Normal
Resources
Standard
Victory
Conquest
Starting age
Dark Age
Ending age
Imperial Age
RankedLock teamsTeams togetherTeam positionsShared explorationLock speedFull tech treeHidden civsTurbo modeCheats
Victory
Defeat
🇨🇳 Wei · China
1481
+16
🇩🇪 Khmer · Germany
1435
+18
🇫🇷 Maya · France
1433
+18
🇦🇷 Mongols · Argentina
1415
+19
🇩🇪 Malians · Germany
1502
-20
🇫🇷 Spanish · France
1483
-18
1466
-17
🇨🇭 Ethiopians · Switzerland
1445
-16
Pinardouille la fripouille
Zlap
5:10 Loom
14:34 Feudal Age
MissBigoudixxx
Schmandl
8:41 Loom
12:51 Feudal Age
18:11 Castle Age
16:09 Double-Bit Axe
16:18 Horse Collar
Taken
8:59 Loom
12:06 Feudal Age
12:42 Double-Bit Axe
14:46 Fletching
AWAKALTA
8:28 Loom
10:26 Feudal Age
11:48 Double-Bit Axe
12:45 Loom
牛比无极限
5:07 Loom
12:42 Feudal Age
18:38 Castle Age
Long John Silver
Connection lost

Rejoining the realm…

Still unreachable

The connection could not be restored.

Session expired

The server has moved on; the page needs a fresh start.